 Dungeon Crawl Stone Soup version 0.31-a0-4-gefa6de2278 (webtiles) character file.

Game seed: 14746398986517859908

9922 a3don the Frost Mage (level 11, -4/99 HPs)
             Began as a Green Draconian Ice Elementalist on May 4, 2023.
             Was an Initiate of Gozag.
             Slain by Snorg (9 damage)
             ... on level 10 of the Dungeon.
             The game lasted 00:29:56 (11028 turns).

a3don the Frost Mage (DrIE)                        Turns: 11028, Time: 00:29:57

Health: -4/99      AC: 23    Str: 10    XL:     11   Next: 29%
Magic:  24/24      EV: 13    Int: 20    God:    Gozag
Gold:   1209       SH:  0    Dex: 12    Spells: 20/28 levels left

rFire   . . .        G - +3 flail (protect)
rCold   . . .        (no shield)
rNeg    . . .        (body armour unavailable)
rPois   +            Q - +0 hat
rElec   .            e - +2 cloak
rCorr   .            c - +0 pair of gloves
SInv    .            g - +2 pair of boots
Will    +....        (no amulet)
Stlth   ++           r - ring of willpower
HPRegen 0.36/turn    (no ring)
MPRegen 0.19/turn

%: no passive effects
@: ice-armoured, hasted, very quick
A: breathe noxious fumes, AC +7, unfitting armour, poison resistance,
cold-blooded
a: Breathe Noxious Fumes, Renounce Religion, Potion Petition, Call Merchant,
Bribe Branch


You were on level 10 of the Dungeon.
You worshipped Gozag.
Gozag was most pleased with you.
You visited 2 branches of the dungeon, and saw 11 of its levels.

You collected 1467 gold pieces.
You spent 85 gold pieces at shops.
You paid 173 gold pieces to Gozag.

Inventory:

Hand Weapons
 o - the +4 short sword of Ossoxty {freeze, Str+2 Int+3}
   (You took it off a goblin on level 2 of the Dungeon)

   Str:       It affects your strength (+2).
   Int:       It affects your intelligence (+3).
 p - a +0 sling
 t - a +3 hand axe
 A - a +0 short sword of draining
 D - a +0 long sword of flaming
 E - a +2 whip of freezing
 G - a +3 flail of protection (weapon)
 L - a +3 long sword of venom
Missiles
 b - 124 stones (quivered)
 i - a throwing net
 v - 15 poisoned darts
 C - 2 curare-tipped darts
Armour
 c - a +0 pair of gloves (worn)
 e - a +2 cloak (worn)
 g - a +2 pair of boots (worn)
 N - a +2 pair of boots of rampaging
 Q - a +0 hat (worn)
Magical Staves
 H - a staff of conjuration
Jewellery
 r - a ring of willpower (left hand)
Wands
 B - a wand of charming (16)
Scrolls
 d - a scroll of butterflies
 f - 3 scrolls of immolation {unknown}
 h - 4 scrolls of magic mapping
 j - a scroll of silence {unknown}
 l - a scroll of fear
 n - a scroll of blinking {unknown}
 u - 3 scrolls of fog {unknown}
 y - 2 scrolls of teleportation {unknown}
 J - a scroll of amnesia
Potions
 a - a potion of magic
 k - a potion of berserk rage {unknown}
 m - a potion of ambrosia
 s - 3 potions of might {unknown}
 w - 2 potions of curing
 x - a potion of attraction {unknown}
 z - 2 potions of lignification
 F - a potion of mutation {unknown}
 I - a potion of resistance {unknown}
 M - 3 potions of brilliance {unknown}
 O - a potion of heal wounds {unknown}
 P - 2 potions of haste


   Skills:
 + Level 10.0 Fighting
 - Level 2.0 Short Blades
 + Level 5.1 Dodging
 - Level 4.0 Stealth
 + Level 9.0 Spellcasting
 - Level 2.0 Fire Magic
 + Level 10.5 Ice Magic


You had 20 spell levels left.
You knew the following spells:

 Your Spells              Type           Power      Damage    Failure   Level
a - Freeze                Ice            100%       1d10      1%          1
b - Frozen Ramparts       Ice            100%       1d16      1%          3
c - Ozocubu's Armour      Ice            50%        N/A       1%          3
d - Foxfire               Conj/Fire      52%        2x1d6     4%          1

Your spell library contained the following spells:

 Spells                   Type           Power      Damage    Failure   Level
 Slow                     Hex            36%        N/A       8%          1
 Summon Small Mammal      Summ           36%        N/A       8%          1
 Summon Ice Beast         Ice/Summ       30%        N/A       9%          4
 Call Canine Familiar     Summ           9%         N/A       22%         3
 Confusing Touch          Hex            9%         N/A       22%         3
 Summon Guardian Golem    Hex/Summ       9%         N/A       22%         3
 Vampiric Draining        Necr           9%         2d6       22%         3
 Fireball                 Conj/Fire      6%         3d5       80%         5
 Plasma Beam              Fire/Air       6%         2x1d18    100%        6
 Starburst                Conj/Fire      6%         6d4       100%        6
 Haunt                    Necr/Summ      4%         N/A       100%        7
 Infestation              Necr           4%         N/A       100%        8
 Animate Dead             Necr           Unusable   N/A       N/A         4

Dungeon Overview and Level Annotations

Branches:
Dungeon (10/15)            Temple (1/1) D:7            Lair (0/5) D:10
    Orc: D:9-12

Altars:
Ashenzari
Cheibriados
Elyvilon
Fedhas
Gozag
Hepliaklqana
Makhleb
Okawaru
Qazlal
Ru
Sif Muna
Trog
Uskayaw
Vehumet
Wu Jian
Xom
Yredelemnul
Zin
The Shining One

Shops:
D:4 *   D:9 (

Annotations:
D:9 2 transporters, BlasphemerAmon's ghost, novice TrMo
D:10 Snorg


Innate Abilities, Weirdness & Mutations

You can breathe blasts of noxious fumes.
Your lurid green scales are hard. (AC +7)
You cannot fit into any form of body armour.
Your system is resistant to poisons. (rPois)
You are cold-blooded and may be slowed by cold attacks.


Message History

The wall freezes Snorg.
Snorg bites you but does no damage. Snorg claws you but does no damage.
Snorg misses you.
Unknown command.
You are confused.
You feel invigorated.
The wall freezes Snorg.
Snorg bites you.
* * * LOW HITPOINT WARNING * * *
Snorg claws you.
* * * LOW HITPOINT WARNING * * *
Snorg completely misses you.
The wight resists.
The wall freezes the wight.
The frozen ramparts melt away.
Snorg misses you. Snorg barely misses you. Snorg closely misses you.
The wight hits you but does no damage. Snorg bites you but does no damage.
Snorg closely misses you. Snorg misses you. Snorg bites you but does no damage.
Snorg claws you but does no damage. Snorg claws you.
* * * LOW HITPOINT WARNING * * *
The wight hits you but does no damage. Snorg bites you but does no damage.
Snorg misses you. Snorg barely misses you. The wight closely misses you.
Snorg barely misses you. Snorg closely misses you. Snorg misses you.
Snorg barely misses you. Snorg closely misses you. Snorg barely misses you.
The wight barely misses you. Snorg bites you!
* * * LOW HITPOINT WARNING * * *
Snorg claws you.
* * * LOW HITPOINT WARNING * * *
Snorg closely misses you. The wight closely misses you.
Snorg bites you but does no damage. Snorg claws you.
* * * LOW HITPOINT WARNING * * *
Snorg barely misses you.
You are too confused!
Snorg barely misses you. Snorg claws you but does no damage. Snorg claws you.
* * * LOW HITPOINT WARNING * * *
The wight barely misses you.
You feel better.
You feel less invigorated. Snorg misses you.
Snorg claws you but does no damage. x2; The wight hits you with a +2 mace!
* * * LOW HITPOINT WARNING * * *
Snorg completely misses you. Snorg claws you but does no damage. x2
You feel yourself speed up. Snorg bites you!
You die...
Your body crumbles into a pile of gold.

,,,,,,*,** #.....z....****#......
,,,,,,*,,**#......z...,,,*#<.....
,,,,,,*#,,,#.......z..**,,+......
,,,,***..,**#.........****#.)....
<,,,**,...,*#?..z.....* #.).)..
***,*,,P...,##.#######* #######
*,,*,,...^.*#$$# ###.
*,*,,,......##T######### #...
*,*,,,.......$$@z......# ###'##
*,,,,,$>...............####.!.#,
**,*,,,.................'.####.#,
*,,*,,,.................#.##...#,
*,***,,h..P.#.........[.#.##.####
*,* *,,.....#.>.........#.##.....
*,* **,....*#...........#..'.###.
*,* **...#*#...........####...#,
*,* **,,,...+########## ##'##*


You could see Snorg (berserk) and a wight.

Vanquished Creatures
  Gastronok (D:8)
  Pikel (D:6)
  An elephant (D:10)
  A gargoyle (D:7)
  An unseen horror (D:7)
  Maggie (D:6)
  An unseen horror zombie (D:9)
  2 trolls
  Prince Ribbit (D:8)
  A vampire (D:9)
  Sigmund (D:6)
  A wyvern (D:10)
  A steam dragon (D:7)
  A basilisk (D:7)
  6 yaks (D:8)
  A wraith (D:9)
  Grum (D:8)
  2 water moccasins
  A sky beast (D:7)
  5 black bears
  An orc warrior (D:9)
  4 wolves (D:8)
  6 centaurs
  2 lemures (D:6)
  3 kobold brigands
  Blork the orc (D:5)
  3 bullfrogs
  2 scorpions
  14 wights
  6 killer bees
  3 howler monkeys (D:9)
  3 hounds
  4 jellies
  8 orc priests
  A centaur zombie (D:9)
  7 iguanas
  2 gnoll boudas (D:9)
  11 orc wizards
  6 gnolls (D:9)
  7 adders
  A white imp (D:6)
  2 ufetubi
  2 worms (D:2)
  5 dart slugs
  34 orcs
  5 endoplasms
  4 giant cockroaches
  14 goblins
  3 hobgoblins
  4 quokkas
  9 ball pythons
  A bat (D:1)
  3 frilled lizards
  22 kobolds
  2 rats
236 creatures vanquished.

Vanquished Creatures (others)
  An orc wizard (D:5)
  75 foxfires
  A fungus (D:10)
77 creatures vanquished.

Grand Total: 313 creatures vanquished

Notes
Turn   | Place    | Note
-------+----------+-------------------------------------------
     0 | D:1      | a3don the Draconian Ice Elementalist began the quest for
                  | the Orb.
     0 | D:1      | Reached XP level 1. HP: 14/14 MP: 3/3
   187 | D:1      | Reached XP level 2. HP: 20/20 MP: 5/5
   738 | D:1      | Reached XP level 3. HP: 26/26 MP: 4/6
  1068 | D:1      | Learned a level 3 spell: Frozen Ramparts
  1296 | D:2      | Identified the +4 short sword of Ossoxty {freeze, Str+2
                  | Int+3}
  1853 | D:3      | Found a faded altar of an unknown god.
  1951 | D:3      | Reached XP level 4. HP: 31/33 MP: 3/7
  2119 | D:3      | Learned a level 3 spell: Ozocubu's Armour
  2175 | D:3      | Reached XP level 5. HP: 38/38 MP: 9/9
  2201 | D:3      | Found an ornate altar of the Wu Jian Council.
  2202 | D:3      | Found a sacrificial altar of Ru.
  2204 | D:3      | Found a burning altar of Makhleb.
  2233 | D:3      | Found a white marble altar of Elyvilon.
  2233 | D:3      | Found a snail-covered altar of Cheibriados.
  2734 | D:4      | Found Ommus's Assorted Antiques.
  2752 | D:4      | Bought a large jade amulet for 85 gold pieces
  2900 | D:4      | Identified the +3 kite shield of Tonesul {Will+ MP+9 Dex-4}
  2962 | D:4      | Reached skill level 1 in Fighting
  2979 | D:4      | Reached skill level 1 in Short Blades
  3563 | D:5      | Entered Level 5 of the Dungeon
  3650 | D:5      | Reached skill level 5 in Ice Magic
  3652 | D:5      | Reached XP level 6. HP: 27/48 MP: 3/11
  3967 | D:5      | Found a shimmering blue altar of Sif Muna.
  3981 | D:5      | Noticed Blork the orc
  3987 | D:5      | Killed Blork the orc
  4276 | D:5      | Your scales start taking on a lurid green colour.
  4276 | D:5      | Reached XP level 7. HP: 51/57 MP: 13/13
  4276 | D:5      | Gained mutation: Your system is resistant to poisons.
                  | (rPois) [Green Draconian growth]
  4777 | D:6      | Found a glowing golden altar of the Shining One.
  5213 | D:6      | Reached skill level 5 in Spellcasting
  5213 | D:6      | Reached XP level 8. HP: 67/67 MP: 11/15
  5270 | D:6      | Noticed Maggie
  5284 | D:6      | Killed Maggie
  5285 | D:6      | Reached skill level 5 in Fighting
  5581 | D:6      | Noticed Pikel
  5606 | D:6      | Killed Pikel
  5607 | D:6      | Reached XP level 9. HP: 21/75 MP: 6/18
  5794 | D:6      | Noticed Sigmund
  5812 | D:6      | Killed Sigmund
  5958 | D:7      | Found a staircase to the Ecumenical Temple.
  5979 | Temple   | Entered the Ecumenical Temple
  6222 | Temple   | Became a worshipper of Gozag Ym Sagoz the Greedy
  6517 | D:7      | Noticed a gargoyle
  6527 | D:7      | Killed an unseen horror
  6541 | D:7      | Killed a gargoyle
  6795 | D:7      | Reached XP level 10. HP: 45/88 MP: 14/21
  7851 | D:8      | Noticed Prince Ribbit
  7855 | D:8      | Killed Prince Ribbit
  7932 | D:8      | Noticed Grum
  7945 | D:8      | Killed Grum
  7954 | D:8      | Learned a level 1 spell: Foxfire
  8111 | D:8      | Found a blossoming altar of Fedhas.
  8306 | D:8      | Found a shimmering altar of Xom.
  8735 | D:8      | Noticed Gastronok
  8751 | D:8      | Killed Gastronok
  9132 | D:8      | Reached skill level 10 in Ice Magic
  9437 | D:9      | Found a transporter.
  9439 | D:9      | Found a transporter.
  9441 | D:9      | Noticed BlasphemerAmon's ghost (novice TrMo)
  9839 | D:9      | Reached XP level 11. HP: 94/97 MP: 18/23
 10384 | D:9      | Found Iroogra's Antique Weapon Emporium.
 10512 | D:9      | Found a basalt altar of Yredelemnul.
 10659 | D:10     | Entered Level 10 of the Dungeon
 10959 | D:10     | Found a staircase to the Lair.
 10975 | D:10     | Reached skill level 5 in Dodging
 10979 | D:10     | Noticed Snorg
 10983 | D:10     | Reached skill level 10 in Fighting
 11028 | D:10     | Slain by Snorg

Illustrated notes

Levels and vault maps discovered:
D:1:      minmay_arrival_shattered_statue, layout_basic,
          chequers_serial_rivers_micro_a, minivault_24, grunt_decor_mini_mirrors
D:2:      layout_basic
D:3:      cheibrodos_pilgrimage, layout_basic, grunt_temple_overflow_open,
          chequers_ecumenical_altar_lobes, minivault_24
D:4:      corexii_shack_village, layout_loops_corners, serial_shops, shop,
          nicolae_elevator_lobby_asterisk
D:5:      layout_rooms, led_sif_book, cheibrodos_sewer_entry_drain,
          uniq_blork_the_orc
D:6:      layout_loops_cross, tso_metal_star, kb_lookout_dungeons_type,
          uniq_maggie, uniq_sigmund, uniq_pikel
D:7:      minmay_slanted_spiral_squares, layout_gridville,
          minmay_temple_entry_ruins, nicolae_ossuary_entry_plus, st_stairs_8
D:8:      layout_gridville, mainiacjoe_overflow_surrounded_room,
          fedhas_ov_isle_minmay, uniq_gastronok, uniq_prince_ribbit1, uniq_grum
D:9:      layout_big_octagon, lemuel_zombie_altar_yredelemnul,
          gammafunk_ghost_hive, serial_shops, nicolae_lakefront_shop
D:10:     layout_roguey, grunt_dithmenos_smoke, mainiacjoe_overflow_alcove_2,
          david_lair_generic, uniq_snorg
Temple:   dpeg_chambers_temple

Skill      XL: |  1  2  3  4  5  6  7  8  9 10 11 |
---------------+----------------------------------+-----
Stealth        | 2 4 |  4.0
Dodging        | 2 4 5 |  5.1
Spellcasting   | 3 4 5 6 7 8 9 |  9.0
Fighting       | 1 3 4 6 8 9 10 | 10.0
Short Blades   | 1 2 |  2.0
Ice Magic      | 5 6 7 9 10 | 10.5
Fire Magic     | 2 |  2.0

Action                     |  1- 3 |  4- 6 |  7- 9 | 10-12 || total
---------------------------+-------+-------+-------+-------++-------
  Melee: Unarmed           |    10 |       |       |       ||    10
         Dagger            |    80 |       |       |       ||    80
         Tailslap          |    20 |     8 |    22 |    42 ||    92
         Punch             |     2 |     2 |     7 |     4 ||    15
         Short sword       |    24 |    71 |   143 |   126 ||   364
         Hand axe          |       |       |     2 |       ||     2
         Flail             |       |       |       |    72 ||    72
         Long sword        |       |       |       |    10 ||    10
  Throw: Stone             |       |     6 |     3 |    14 ||    23
         Dart              |       |       |     1 |     1 ||     2
   Cast: Freeze            |    20 |     1 |     1 |     7 ||    29
         Frozen Ramparts   |     5 |    22 |    33 |    45 ||   105
         Ozocubu's Armour  |       |     3 |    17 |    23 ||    43
         Foxfire           |       |       |       |    46 ||    46
Ability: Breathe Noxious F |       |       |     3 |     3 ||     6
  Evoke: Wand              |       |       |     2 |     1 ||     3
    Use: Scroll            |       |       |       |     9 ||     9
         Potion            |       |       |       |     4 ||     4
   Stab: Sleeping          |     5 |     3 |     1 |     1 ||    10
         Distracted        |       |       |       |     1 ||     1
 Armour: Skin              |    33 |    20 |    74 |   178 ||   305
  Dodge: Dodged            |    72 |    37 |   117 |   191 ||   417

Table legend: (Time is in decaauts)
 A = Elapsed time spent in this place.
 B = Non-inter-level travel time spent in this place.
 C = Inter-level travel time spent in this place.
 D = Time resting spent in this place.
 E = Time spent auto-exploring this place.
 F = Levels seen in this place.
 G = Mean time per level.
                   A        B        C        D        E       F      G
               +--------+--------+--------+--------+--------+-----+--------+
         Total |  11057 |  10603 |    454 |    971 |   7349 |  11 | 1005.2 |
       Dungeon |  10774 |  10420 |    354 |    971 |   7175 |  10 | 1077.4 |
        Temple |    282 |    182 |    100 |      0 |    174 |   1 |  282.0 |
               +--------+--------+--------+--------+--------+-----+--------+

Top non-repeatable levels by time:
     D:7: 1600 daAuts
     D:8: 1591 daAuts
     D:6: 1453 daAuts
     D:9: 1253 daAuts
     D:1: 1085 daAuts
     D:4: 1059 daAuts
     D:5: 934 daAuts
     D:3: 745 daAuts
     D:2: 672 daAuts
    D:10: 379 daAuts
  Temple: 282 daAuts
